 Dungeon Crawl Stone Soup version 0.25-a0-857-g60a0bcd8b5 (webtiles) character file.

Game seed: 14229372610604385512, levelgen mode: deterministic

65 Esekla the Slasher (level 4, -2/29 HPs)
             Began as an Octopode Warper on Apr 26, 2020.
             Slain by an iguana (8 damage)
             ... on level 3 of the Dungeon.
             The game lasted 00:07:14 (1592 turns).

Esekla the Slasher (Octopode Warper)                Turns: 1592, Time: 00:07:15

Health: -2/29      AC:  1    Str: 10    XL:     4   Next: 14%
Magic:  5/7        EV: 14    Int: 16    God:
Gold:   56         SH:  0    Dex: 11    Spells: 3/7 levels left

rFire    . . .     SeeInvis .   a - +0 falchion
rCold    . . .     Gourm    .   (no shield)
rNeg     . . .     Faith    .   (helmet restricted)
rPois    .         Spirit   .   (no amulet)
rElec    .         Reflect  .   (no ring)
rCorr    .         Harm     .   (no ring)
MR       .....                  (no ring)
Stlth    ++........             (no ring)
HPRegen  0.09/turn              (no ring)
MPRegen  0.10/turn              (no ring)
                                (no ring)
                                (no ring)

@: no status effects
A: almost no armour, stealthy swim, amphibious, 8 rings, constrict 8, camouflage
1, gelatinous body 1
a: no special abilities


You were on level 3 of the Dungeon.
You were not hungry.

You visited 1 branch of the dungeon, and saw 3 of its levels.

You collected 56 gold pieces.

Inventory:

Hand Weapons
 a - a +0 falchion (weapon)
 m - a +1 dagger of speed
Missiles
 b - 27 poisoned darts (quivered)
 d - 5 boomerangs of dispersal
Scrolls
 c - a scroll of blinking
 e - 6 scrolls of identify {unknown}
 i - 3 scrolls of fear {unknown}
 j - a scroll of immolation {unknown}
 k - a scroll of remove curse {unknown}
 l - a scroll of teleportation {unknown}
 n - 2 scrolls of fog {unknown}
Potions
 g - a potion of stabbing {unknown}
 h - a potion of degeneration {unknown}
 o - a potion of heal wounds {unknown}
 p - 2 potions of curing {unknown}
Comestibles
 f - 8 rations


   Skills:
 + Level 2.2 Fighting
 * Level 3.4 Long Blades
 - Level 1.0 Throwing
 * Level 3.0 Dodging
 + Level 2.2 Spellcasting
 + Level 3.0 Translocations


You had 3 spell levels left.
You knew the following spells:

 Your Spells              Type           Power        Failure   Level  Hunger
a - Shroud of Golubria    Chrm/Tloc      #.....       17%         2    ###....
b - Blink                 Tloc           N/A          9%          2    ###....

Your spell library contained the following spells:

 Spells                   Type           Power        Failure   Level  Hunger
 Gell's Gravitas          Tloc           ##........   17%         3    ###....
 Lesser Beckoning         Tloc           ##........   17%         3    ###....
 Teleport Other           Tloc           ##......     17%         3    ###....
 Passage of Golubria      Tloc           N/A          50%         4    #####..


Dungeon Overview and Level Annotations

Branches:
Dungeon (3/15)

Altars:


Innate Abilities, Weirdness & Mutations

You cannot wear most types of armour.
You are very stealthy in the water. (Stealth+)
You are amphibious.
You can wear up to eight rings at the same time.
You can use your tentacles to constrict eight enemies at once.
Your skin changes colour to match your surroundings (Stealth+).
Your rubbery body absorbs attacks. (AC +1, EV +1)


Message History

The iguana is moderately wounded.
You hit the iguana but do no damage.
The iguana is moderately wounded.
You constrict the iguana, but do no damage.
The iguana barely misses you.
You hit the iguana.
The iguana is moderately wounded.
You constrict the iguana. The iguana barely misses you.
You hit the iguana.
You squeeze the iguana, but do no damage.
The iguana is severely wounded.
You constrict the iguana. The iguana completely misses you.
You hit the iguana but do no damage.
The iguana is severely wounded.
You constrict the iguana. The iguana barely misses you.
Your shroud bends the iguana's attack away.
You hit the iguana but do no damage.
The iguana is almost dead.
You constrict the iguana. The iguana bites you!
You die...

###...##+#+#####
.##............#
.#.............# ###
.#...#.........# ....
.#........>....+ .....
.#.............####.....
.#.....................#
÷)..##†................#
#...............@......#
#...............l......#
#...............).......
........###.............
........# #.............
........# #.............
.....#......$....#...###
... ........#####


You could see an iguana.

Vanquished Creatures
  2 adders (D:3)
  A leopard gecko (D:1)
  An orc (D:3)
  A ball python (D:3)
  6 giant cockroaches
  3 goblins
  11 hobgoblins (D:1)
  3 jackals (D:3)
  3 kobolds
  4 bats (D:1)
  3 frilled lizards
  2 rats
40 creatures vanquished.

Notes
Turn   | Place    | Note
-------+----------+-------------------------------------------
     0 | D:1      | Esekla the Octopode Warper began the quest for the Orb.
     0 | D:1      | Reached XP level 1. HP: 14/14 MP: 3/3
   441 | D:1      | Reached XP level 2. HP: 18/19 MP: 5/5
   445 | D:1      | Learned a level 2 spell: Shroud of Golubria
   448 | D:1      | Learned a level 2 spell: Blink
   895 | D:1      | Reached XP level 3. HP: 24/24 MP: 6/6
  1531 | D:3      | Reached XP level 4. HP: 20/29 MP: 4/7
  1592 | D:3      | Slain by an iguana

Levels and vault maps discovered:
D:1:      tarquinn_simple_flora_water_d, layout_loops_ring,
          hangedman_decor_growths, minmay_quantized
D:2:      layout_basic, first_ration
D:3:      layout_basic

Skill      XL: |  1  2  3 |
---------------+----------+-----
Dodging        | 3 |  3.0
Long Blades    | 3 |  3.4
Fighting       | |  2.2
Throwing       | |  1.0
Spellcasting   | |  2.2
Translocations | |  3.0

Action                   |  1- 3 |  4- 6 || total
-------------------------+-------+-------++-------
Melee: Falchion          |    60 |    19 ||    79
       Constrict         |    24 |     6 ||    30
       Tentacles         |     6 |     2 ||     8
Throw: Dart              |     1 |       ||     1
 Cast: Shroud of Golubri |     2 |     1 ||     3
 Stab: Sleeping          |     4 |       ||     4
  Eat: Chunk             |     1 |     1 ||     2
Armor: Skin              |     3 |     2 ||     5
Dodge: Dodged            |    39 |    21 ||    60
       Rpst.: Falchion   |    16 |     8 ||    24

Table legend:
 A = Non-vault XP
 B = Vault XP
 C = Vault XP percentage of total XP
 D = Non-vault monster count
 E = Vault monster count
 F = Vault count percentage of total count
                 A         B        C        D         E       F
            +---------+---------+-------+---------+---------+-------
      Total |      87 |       7 |   7.4 |      36 |       4 |  10.0
            +---------+---------+-------+---------+---------+-------
        D:1 |      37 |       7 |  15.9 |      21 |       4 |  16.0
        D:2 |       5 |       0 |   0.0 |       3 |       0 |   0.0
        D:3 |      45 |       0 |   0.0 |      12 |       0 |   0.0
            +---------+---------+-------+---------+---------+-------
